 Dungeon Crawl Stone Soup version 0.22-b1-26-g9dbaab1 (webtiles) character file.

33901 Loudmushroom the Severer (level 13, -8/178 HPs)
             Began as a Minotaur Berserker on Aug 5, 2018.
             Was a High Priest of Trog.
             Mangled by a komodo dragon (28 damage)
             ... on level 5 of the Lair of Beasts on Aug 6, 2018.
             The game lasted 02:17:38 (19825 turns).

Loudmushroom the Severer (Minotaur Berserker)      Turns: 19825, Time: 02:17:39

Health: -8/178     AC:  0    Str: 27    XL:     13   Next: 39%
Magic:  5/15       EV: 23    Int:  4    God:    Trog [*****.]
Gold:   1089       SH:  0    Dex: 15    Spells: 12/12 levels left

rFire    . . .     SeeInvis .   (weapon currently unavailable)
rCold    . . .     Gourm    .   (shield currently unavailable)
rNeg     . . .     Faith    +   (armour currently unavailable)
rPois    .         Spirit   .   (helmet currently unavailable)
rElec    .         Reflect  .   (cloak currently unavailable)
rCorr    .         Harm     .   (gloves currently unavailable)
MR       .....                  (boots currently unavailable)
Stlth    ..........             P - amulet of faith
HPRegen  0.39/turn              (ring currently unavailable)
MPRegen  0.14/turn              (ring currently unavailable)

@: berserking, lethally poisoned (-8 -> -11), pig-form, very quick
A: small, (retaliatory headbutt)
a: Berserk, Trog's Hand, Brothers in Arms, Renounce Religion


You were on level 5 of the Lair of Beasts.
You worshipped Trog.
Trog was extremely pleased with you.
You were very hungry.
You were a filthy swine.
You visited 2 branches of the dungeon, and saw 16 of its levels.
You also visited: Bailey.

You collected 1089 gold pieces.

Inventory:

Hand Weapons
 a - a +4 antimagic battleaxe (melded)
 b - a +0 shortbow
 N - a +0 dire flail
 O - a +0 blowgun
Missiles
 j - 392 stones
 m - 346 arrows
 p - 106 sling bullets
 y - 35 poisoned needles
 R - 4 javelins (quivered)
 T - 6 tomahawks
Armour
 u - a +2 pair of gloves (melded)
 v - a +1 pair of boots (melded)
 z - a +3 plate armour (melded)
 B - a +0 scale mail of cold resistance
 W - a scarf of resistance (melded)
Jewellery
 n - an uncursed ring of protection from cold
 o - an uncursed ring of protection from fire
 r - a +6 ring of protection (melded)
 P - an amulet of faith (around neck)
 Q - an uncursed ring of teleportation
 U - an uncursed ring of flight
 V - a ring of poison resistance (melded)
Wands
 k - a wand of acid (8)
 C - a wand of clouds (5)
 E - a wand of disintegration (13)
 F - a wand of flame (55)
 I - a wand of enslavement (24)
 J - a wand of polymorph (24)
 K - a wand of paralysis (20)
Scrolls
 f - 2 scrolls of immolation
 h - a scroll of remove curse
 i - a scroll of vulnerability {unknown}
 l - 5 scrolls of magic mapping
 q - 5 scrolls of teleportation
 D - a scroll of blinking
 L - a scroll of identify
Potions
 d - a potion of cancellation
 e - 4 potions of haste
 g - 4 potions of agility
 s - 8 potions of curing
 t - 5 potions of heal wounds
 w - 3 potions of lignification
 x - a potion of flight
 A - 2 potions of mutation
 G - a potion of invisibility
Comestibles
 c - 23 rations
 H - 9 chunks of flesh


   Skills:
 + Level 12.4 Fighting
 * Level 16.3 Axes
 + Level 12.1 Armour
 + Level 11.2 Dodging
 + Level 5.2 Evocations


You had 12 spell levels left.
You didn't know any spells.
Your spell library contained the following spells:

 Spells                   Type           Power        Failure   Level  Hunger
 Magic Dart               Conj           #...         50%         1    ##.....
 Apportation              Tloc           #.....       50%         1    ##.....
 Conjure Flame            Conj/Fire      #.......     86%         3    ####...
 Bolt of Magma            Conj/Fire/Erth #.........   100%        5    ######.
 Slow                     Hex            #.......     65%         2    ###....
 Invisibility             Hex            #.......     100%        6    #######
 Mephitic Cloud           Conj/Pois/Air  #.......     86%         3    ####...
 Venom Bolt               Conj/Pois      #.........   100%        5    ######.
 Blink                    Tloc           N/A          65%         2    ###....
 Iskenderun's Mystic Bla  Conj           #.......     99%         4    #####..
 Call Imp                 Summ           #.......     65%         2    ###....
 Tukima's Dance           Hex            #.......     86%         3    ####...
 Iron Shot                Conj/Erth      #.........   100%        6    #######
 Summon Butterflies       Summ           #.......     50%         1    ##.....
 Alistair's Intoxication  Tmut/Pois      #.......     100%        5    ######.
 Orb of Destruction       Conj           #.........   100%        7    #######
 Iskenderun's Battlesphe  Conj/Chrm      #.......     100%        5    ######.
 Fulminant Prism          Conj/Hex       #.........   99%         4    #####..
 Dazzling Spray           Conj/Hex       #.....       86%         3    ####...
 Force Lance              Conj/Tloc      #.......     99%         4    #####..
 Searing Ray              Conj           #.....       65%         2    ###....
 Spellforged Servitor     Conj/Summ      #.........   100%        7    #######
 Lesser Beckoning         Tloc           #.........   86%         3    ####...


Dungeon Overview and Level Annotations

Branches:
Dungeon (10/15)            Temple (0/1) D:4            Lair (6/6) D:8
 Shoals (0/4) Lair:2        Snake (0/4) Lair:2
  Slime: Lair:5-6       Orc: D:9-12

Altars:
Trog
The Shining One
Jiyva

Shops:
D:6 (   D:8 }

Annotations:
Lair:2 3 runed doors, Yfixteps's ghost, journeyman TrMo
Lair:5 exclusion: 3 oklob plants
Lair:6 Kirke


Innate Abilities, Weirdness & Mutations

((You reflexively headbutt those who attack you in melee.))
((You have a pair of horns on your head.))


Message History

The water moccasin misses you. The komodo dragon barely misses you.
The hog completely misses you. The water moccasin bites you.
You climb upwards.
Level annotation: exclusion: 3 oklob plants
There is a stone staircase leading down here.
You closely miss the komodo dragon. The hog completely misses you.
The komodo dragon bites you!! The water moccasin bites you.
You hit the komodo dragon.
The komodo dragon is lightly wounded.
The hog bites you! The water moccasin bites you.
You are poisoned.
The water moccasin poisons you! The komodo dragon bites you!!
* * * LOW HITPOINT WARNING * * *
A red film seems to cover your vision as you go berserk!
You feel yourself moving faster!
You feel mighty!
You are feeling very hungry.
You feel sick. The hog bites you.
* * * LOW HITPOINT WARNING * * *
The water moccasin closely misses you. The komodo dragon bites you!!
You die...

.....# ≈...P## #####
......## #######.#P##
≈≈.....#####.##..[....#
.≈♣...........[.......#
≈.....................#
≈.....................#
♣..............l.h....#
...............Sh...###
.............######.#
................P #.#
...............?P #.#
.............P).) #.#
..............[?P #.#
.............######.###
............$.........#
......................#


You could see a komodo dragon, a hog and a water moccasin.

Vanquished Creatures
  A catoblepas (Lair:5)
  6 hydras
  A two-headed ogre (D:10)
  Pikel (D:6)
  2 moths of wrath (Lair:5)
  4 elephants
  5 black mambas
  2 torpor snails
  16 spiny frogs
  2 komodo dragons
  A rime drake (Lair:5)
  9 tyrant leeches
  8 blink frogs
  A snapping turtle (Lair:2)
  4 dream sheep (Lair:3)
  7 hippogriffs
  3 hogs (Lair:5)
  A spriggan (D:7)
  A wyvern (Lair:4)
  15 yaks
  2 fire elementals (Lair:2)
  A hungry ghost (D:9)
  4 basilisks
  6 swamp worms
  21 water moccasins
  2 porcupines (Lair:4)
  Duvessa (D:7)
  A slave (D:6)
  3 black bears
  An ice beast (D:8)
  3 sky beasts
  5 orc warriors
  3 phantoms (D:4)
  2 necrophages
  6 wolves (Lair:1)
  4 ogres
  4 centaurs
  11 crocodiles
  A big kobold (D:9)
  12 bullfrogs
  Dowan (D:7)
  An electric eel (Lair:2)
  3 quasits
  A lava snake (Lair:2)
  2 crimson imps (D:9)
  A centaur zombie (D:6)
  6 hounds
  3 jellies
  A centaur skeleton (D:5)
  6 orc priests
  7 orc wizards
  Jessica (D:2)
  4 iguanas
  5 worker ants
  A killer bee zombie (D:8)
  A hound skeleton (D:6)
  18 adders
  8 gnolls
  A howler monkey skeleton (D:5)
  4 shadow imps
  12 white imps (Lair:2)
  An ooze (D:3)
  An adder zombie (D:10)
  4 worms
  4 dart slugs
  10 leopard geckos
  38 orcs
  5 giant cockroaches
  6 goblins
  3 hobgoblins
  10 jackals
  10 kobolds
  5 quokkas
  4 ball pythons
  6 bats
  2 frilled lizards
  A jackal skeleton (D:4)
  A quokka zombie (D:6)
  9 rats
  A fungus (Lair:3)
  2 plants
393 creatures vanquished.

Vanquished Creatures (others)
  A spiny frog (Lair:6)
  A hungry ghost (D:7)
  An ice beast (D:7)
  A bush (Lair:2)
  11 fungi
  9 plants
24 creatures vanquished.

Grand Total: 417 creatures vanquished

Notes
Turn   | Place    | Note
-------+----------+-------------------------------------------
     0 | D:1      | Loudmushroom the Minotaur Berserker began the quest for the Orb.
     0 | D:1      | Reached XP level 1. HP: 19/19 MP: 0/0
   257 | D:1      | Reached XP level 2. HP: 27/27 MP: 1/1
   292 | D:1      | Reached skill level 4 in Axes
   858 | D:1      | Reached XP level 3. HP: 22/33 MP: 2/2
  1576 | D:2      | Noticed Jessica
  1580 | D:2      | Killed Jessica
  1580 | D:2      | Reached XP level 4. HP: 40/40 MP: 3/3
  2054 | D:3      | Reached ** piety under Trog
  2095 | D:3      | Reached skill level 5 in Axes
  2741 | D:3      | Noticed an ogre
  2750 | D:3      | Killed an ogre
  2750 | D:3      | Reached XP level 5. HP: 28/47 MP: 4/4
  3093 | D:4      | Noticed a phantom
  3127 | D:4      | Killed a phantom
  3127 | D:4      | Reached skill level 5 in Fighting
  3127 | D:4      | Reached XP level 6. HP: 46/56 MP: 5/5
  3183 | D:4      | Reached skill level 6 in Axes
  3644 | D:4      | Reached XP level 7. HP: 61/61 MP: 6/6
  3817 | D:4      | Found a staircase to the Ecumenical Temple.
  3843 | D:4      | Reached skill level 7 in Axes
  4086 | D:5      | Entered Level 5 of the Dungeon
  4115 | D:5      | Reached skill level 5 in Armour
  4559 | D:5      | Reached XP level 8. HP: 69/70 MP: 7/7
  4587 | D:5      | Reached skill level 8 in Axes
  4587 | D:5      | Reached skill level 5 in Dodging
  4678 | D:5      | Reached *** piety under Trog
  4756 | D:5      | Found a glowing golden altar of the Shining One.
  5227 | D:6      | Found Miplupri's Antique Weapon Shop.
  5657 | D:7      | Noticed Pikel
  5750 | D:6      | Killed Pikel
  5750 | D:6      | Reached skill level 9 in Axes
  5800 | D:7      | Reached XP level 9. HP: 66/79 MP: 8/8
  6060 | D:7      | Found a bloodstained altar of Trog.
  6105 | D:7      | Reached skill level 10 in Axes
  6224 | D:7      | Noticed Duvessa
  6230 | D:7      | Noticed Dowan
  6237 | D:7      | Killed Duvessa
  6291 | D:7      | Killed Dowan
  6936 | D:8      | Reached **** piety under Trog
  6936 | D:8      | Reached skill level 11 in Axes
  7128 | D:8      | Found Hetuas's Gadget Shop.
  7347 | D:8      | Found a staircase to the Lair.
  7530 | D:9      | Reached XP level 10. HP: 82/90 MP: 9/9
  8188 | D:9      | Found a flagged portal.
  8198 | Bailey   | Entered a bailey
  8560 | D:10     | Entered Level 10 of the Dungeon
  8617 | D:10     | Noticed a two-headed ogre
  8624 | D:10     | Killed a two-headed ogre
  8624 | D:10     | Reached skill level 12 in Axes
  9352 | Lair:1   | Entered Level 1 of the Lair of Beasts
  9579 | Lair:1   | Reached ***** piety under Trog
 10326 | Lair:1   | Identified a scroll of acquirement
 10358 | Lair:2   | Noticed a four-headed hydra
 10366 | Lair:2   | Killed a four-headed hydra
 10430 | Lair:2   | Found a runed gate.
 10431 | Lair:2   | Found a runed gate.
 10432 | Lair:2   | Found a runed gate.
 10449 | Lair:2   | Reached XP level 11. HP: 99/99 MP: 10/10
 10464 | Lair:2   | Found a viscous altar of Jiyva.
 10464 | Lair:2   | Noticed Yfixteps's ghost (journeyman TrMo)
 10511 | Lair:2   | Reached skill level 13 in Axes
 10671 | Lair:2   | Reached skill level 10 in Fighting
 11196 | Lair:2   | Found a staircase to the Shoals.
 12085 | Lair:2   | Found a staircase to the Snake Pit.
 12168 | Lair:2   | Reached skill level 10 in Armour
 13100 | Lair:3   | Reached skill level 14 in Axes
 13100 | Lair:3   | Reached skill level 1 in Evocations
 13442 | Lair:3   | Noticed a five-headed hydra
 13460 | Lair:3   | Killed a five-headed hydra
 13522 | Lair:3   | Noticed a four-headed hydra
 13553 | Lair:3   | Killed a four-headed hydra
 13670 | Lair:3   | Reached XP level 12. HP: 110/110 MP: 12/12
 14539 | Lair:3   | Reached skill level 10 in Dodging
 14849 | Lair:4   | Noticed a five-headed hydra
 14890 | Lair:4   | Killed a five-headed hydra
 15037 | Lair:4   | Reached skill level 15 in Axes
 16332 | Lair:5   | Upgraded the game from 0.22-b1-21-g5cfc168 to 0.22-b1-26-g9dbaab1
 16972 | Lair:5   | Received a gift from Trog
 17320 | Lair:5   | Noticed a four-headed hydra
 17326 | Lair:5   | Killed a four-headed hydra
 17491 | Lair:6   | Entered Level 6 of the Lair of Beasts
 17821 | Lair:5   | Reached XP level 13. HP: 54/118 MP: 15/15
 18477 | Lair:6   | Reached skill level 16 in Axes
 18564 | Lair:5   | Received a gift from Trog
 18824 | Lair:5   | Reached skill level 5 in Evocations
 19795 | Lair:6   | Noticed Kirke
 19825 | Lair:5   | Mangled by a komodo dragon

Skill      XL: |  1  2  3  4  5  6  7  8  9 10 11 12 13 |
---------------+----------------------------------------+-----
Axes           | 4 5 6 7 9 11 12 14 15 16 | 16.3
Fighting       | 4 5 6 7 8 9 11 12 | 12.4
Armour         | 3 4 5 6 8 9 10 11 12 | 12.1
Dodging        | 3 4 6 7 8 9 10 11 | 11.2
Evocations     | 2 4 5 |  5.2

Action                   |  1- 3 |  4- 6 |  7- 9 | 10-12 | 13-15 || total
-------------------------+-------+-------+-------+-------+-------++-------
Melee: Hand axe          |    57 |   137 |   269 |   251 |       ||   714
       Headbutt          |    11 |    24 |    53 |   168 |    38 ||   294
       Unarmed           |       |       |    18 |       |     2 ||    20
       Dire flail        |       |       |       |    24 |     3 ||    27
       War axe           |       |       |       |   436 |    78 ||   514
       Battleaxe         |       |       |       |       |    60 ||    60
 Fire: Shortbow          |       |       |    46 |    75 |     8 ||   129
Throw: Stone             |       |     4 |       |       |       ||     4
       Javelin           |       |       |       |     3 |     2 ||     5
Invok: Berserk           |       |     1 |     1 |     9 |     2 ||    13
       Trog's Hand       |       |     1 |     4 |     2 |     1 ||     8
Evoke: Wand              |       |       |       |     1 |       ||     1
  Use: Scroll            |       |       |    23 |    12 |     5 ||    40
 Stab: Paralysed         |       |       |       |     1 |       ||     1
  Eat: Chunk             |     2 |     4 |    15 |    19 |     1 ||    41
       Ration            |       |     1 |       |     7 |     2 ||    10
Armor: Ring mail         |    29 |     8 |       |       |       ||    37
       Plate armour      |       |    29 |   167 |   260 |    73 ||   529
       Leather armour    |       |       |       |    74 |       ||    74
Dodge: Dodged            |    38 |    50 |   148 |   426 |   100 ||   762
